 Dungeon Crawl Stone Soup version 0.32-a0-791-gfc315c9ecd (webtiles) character file.

Game seed: 9867314530236708470

701 pokeman the Thaumaturge (level 7, -9/40 HPs)
             Began as a Deep Elf Hedge Wizard on Mar 20, 2024.
             Mangled by an ice beast (11 damage)
             ... on level 5 of the Dungeon.
             The game lasted 00:10:50 (5087 turns).

pokeman the Thaumaturge (Deep Elf Hedge Wizard)     Turns: 5087, Time: 00:10:51

Health: -9/40      AC:  7    Str: 13    XL:     7   Next: 38%
Magic:  8/20       EV: 12    Int: 21    God:
Gold:   106        SH:  0    Dex: 14    Spells: 14/22 levels left

rFire   . . .        t - +2 hand axe (flame)
rCold   . . .        (no shield)
rNeg    . . .        b - +0 robe
rPois   .            c - +0 hat
rElec   .            e - +0 cloak
rCorr   .            p - +0 pair of gloves
SInv    .            C - +2 pair of boots {Stlth+}
Will    .....        (no amulet)
Stlth   +++          y - ring of flight
HPRegen 0.26/turn    E - +6 ring of strength
MPRegen 0.17/turn

%: no passive effects
@: flying
A: no striking features
a: no special abilities


You were on level 5 of the Dungeon.
You visited 1 branch of the dungeon, and saw 5 of its levels.
You also visited: Sewer.

You collected 190 gold pieces.
You spent 84 gold pieces at shops.

Inventory:

Hand Weapons
 t - a +2 hand axe of flaming (weapon)
 D - the +10 mace of Vuutz {speed, +Blink rElec rC- Stlth+}
   (You found it on level 5 of the Dungeon)

   rC-:       It makes you vulnerable to cold.
   rElec:     It insulates you from electricity.
   +Blink:    It lets you blink.
   Stlth+:    It makes you more stealthy.
Missiles
 o - 2 throwing nets
Armour
 b - a +0 robe (worn)
 c - a +0 hat (worn)
 e - a +0 cloak (worn)
 p - a +0 pair of gloves (worn)
 q - the +0 ring mail of Shielding {rPois Dex+2}
   (You found it on level 2 of the Dungeon)

   Dex+2:     It affects your dexterity (+2).
   rPois:     It protects you from poison.
 C - a +2 pair of boots of stealth (worn)
Magical Staves
 l - a staff of conjuration
Jewellery
 m - an amulet of guardian spirit
 y - a ring of flight (left hand)
 E - a +6 ring of strength (right hand)
Wands
 u - a wand of flame (12)
Scrolls
 a - 2 scrolls of enchant armour {unknown}
 k - a scroll of torment {unknown}
 n - 2 scrolls of fear {unknown}
 r - 7 scrolls of identify
 w - 3 scrolls of blinking {unknown}
 A - a scroll of silence {unknown}
 B - a scroll of vulnerability {unknown}
Potions
 d - a potion of magic
 f - 2 potions of heal wounds {unknown}
 g - a potion of brilliance {unknown}
 h - 4 potions of curing
 i - a potion of attraction {unknown}
 j - 5 potions of enlightenment
 s - 2 potions of degeneration {unknown}
 v - 3 potions of lignification {unknown}
 x - 3 potions of mutation {unknown}
 z - 2 potions of haste {unknown}


   Skills:
 - Level 2.0 Fighting
 + Level 1.7 Armour
 - Level 3.0 Dodging
 - Level 3.0 Stealth
 * Level 8.3 Spellcasting
 + Level 4.2 Conjurations
 - Level 1.1 Summonings
 - Level 1.1 Translocations
 - Level 1.0 Air Magic
 - Level 1.0 Alchemy
 - Level 1.0 Evocations


You had 14 spell levels left.
You knew the following spells:

 Your Spells              Type           Power      Damage    Failure   Level
a - Magic Dart            Conj           100%       1d8       1%          1
b - Mephitic Cloud        Conj/Alch/Air  17%        N/A       10%         3
c - Call Imp              Summ           26%        N/A       8%          2
d - Blink                 Tloc           26%        N/A       8%          2

Your spell library contained the following spells:

 Spells                   Type           Power      Damage    Failure   Level
 Slow                     Hex            32%        N/A       8%          1
 Cigotuvi's Dreadful Rot  Necr/Alch/Air  22%        N/A       9%          2
 Dazzling Flash           Conj/Hex       34%        N/A       10%         3
 Ensorcelled Hibernation  Hex/Ice        16%        N/A       12%         2
 Scorch                   Fire           16%        2d5       12%         2
 Sublimation of Blood     Necr           8%         N/A       12%         2
 Swiftness                Air            12%        N/A       16%         3
 Inner Flame              Hex/Fire       8%         N/A       22%         3
 Passwall                 Erth           8%         N/A       22%         3
 Sigil of Binding         Hex            8%         N/A       22%         3
 Flame Wave               Conj/Fire      17%        2d7       32%         4
 Irradiate                Conj/Alch      9%         3d14      58%         5
 Starburst                Conj/Fire      8%         6d4       99%         6
 Death Channel            Necr           4%         N/A       100%        6
 Sculpt Simulacrum        Ice/Alch       5%         N/A       100%        6
 Summon Cactus Giant      Summ           6%         N/A       100%        6
 Summon Hydra             Summ           6%         N/A       100%        7
 Ignition                 Fire           4%         3d4       100%        8
 Maxwell's Capacitive Co  Air            6%         ∞         100%        8


Dungeon Overview and Level Annotations

Branches:
Dungeon (5/15)              Sewer (visited)
 Temple: D:4-7

Altars:
Gozag
Ru
Trog

Shops:
D:3 ?


Message History

You closely miss the ice beast.
The ice beast is heavily wounded.
You feel ready to blink again. The ice beast hits you.
The ice beast freezes you! The ice beast closely misses you.
Casting: Call Imp (safe; 8% risk of failure)
Confirm with . or Enter, or press ? or * to list all spells.
A tiny devil pulls itself out of the air.
The ice beast closely misses you.
Unknown command.
You barely miss the ice beast.
The ice beast is moderately wounded.
The ice beast misses you.
You closely miss the ice beast.
The ice beast is moderately wounded.
Your cerulean imp hits the ice beast but does no damage.
The ice beast barely misses you.
Your cerulean imp hits the ice beast but does no damage.
The ice beast hits you. The ice beast freezes you.
Your cerulean imp hits the ice beast but does no damage.
The ice beast closely misses you.
Your magical contamination has completely faded away.
You hit the ice beast.
You melt the ice beast.
The ice beast is severely wounded.
Your cerulean imp hits the ice beast but does no damage.
The ice beast misses you.
Your cerulean imp misses the ice beast.
You hit the ice beast.
You melt the ice beast.
The ice beast is almost dead.
The ice beast hits you. The ice beast freezes you!
* * * LOW HITPOINT WARNING * * *
Your cerulean imp hits the ice beast but does no damage.
The ice beast barely misses you.
Unknown command.
You closely miss the ice beast.
The ice beast is almost dead.
Your cerulean imp hits the ice beast from afar with a -3 spear.
The ice beast hits you.
* * * LOW HITPOINT WARNING * * *
The ice beast freezes you!
You die...

... # #.####......#.
........... #......###....
....#.....####......###...
...........##.....>..##...
..............#...........
##......#..#..#..#.#......
#.......#.##..#.####......
#.........#.....# ....#...
#.....5.Y@....########....
#.....##......+ .... ##..#
#....### #... #. .)..>...#
##.. ..#.....# ...##....#
...# #....# .... .....#
.#... ......


You could see an ice beast (ally target) and a friendly cerulean imp (summoned).

Vanquished Creatures
  A black bear (D:5)
  An ogre (D:4)
  A kobold brigand (Sewer)
  A vampire bat (D:4)
  A bombardier beetle (D:4)
  2 iguanas (D:5)
  2 orc wizards (D:4)
  7 adders
  A river rat (D:3)
  2 ufetubi (D:5)
  2 dart slugs
  3 fire bats (D:4)
  2 ribbon worms (D:3)
  9 orcs
  2 spectral bats (D:4)
  3 bat skeletons (D:4)
  A bat zombie (D:4)
  10 endoplasms
  3 giant cockroaches
  4 goblins
  13 hobgoblins
  4 jackals (D:1)
  3 quokkas
  7 ball pythons
  14 bats
  A bat simulacrum (D:4)
  3 frilled lizards
  3 kobolds
  10 rats
116 creatures vanquished.

Vanquished Creatures (collateral kills)
  2 ribbon worms (D:3)
  2 orcs (D:3)
4 creatures vanquished.

Grand Total: 120 creatures vanquished

Notes
Turn   | Place    | Note
-------+----------+-------------------------------------------
     0 | D:1      | pokeman the Deep Elf Hedge Wizard began the quest for the
                  | Orb.
     0 | D:1      | Reached XP level 1. HP: 10/10 MP: 7/7
   307 | D:1      | Reached XP level 2. HP: 14/16 MP: 1/9
  1018 | D:1      | Reached skill level 5 in Spellcasting
  1113 | D:1      | Reached XP level 3. HP: 16/20 MP: 3/11
  1118 | D:1      | Learned a level 3 spell: Mephitic Cloud
  1121 | D:1      | Learned a level 2 spell: Call Imp
  1124 | D:1      | Learned a level 2 spell: Blink
  1712 | D:2      | Found a faded altar of an unknown god.
  1814 | D:2      | Reached skill level 1 in Fighting
  1814 | D:2      | Reached skill level 1 in Armour
  1852 | D:2      | Identified the +0 ring mail of Shielding {rPois Dex+2}
  2145 | D:2      | Found a bloodstained altar of Trog.
  2525 | D:3      | Reached XP level 4. HP: 25/25 MP: 4/13
  2684 | D:3      | Found a sacrificial altar of Ru.
  2820 | D:3      | Found a glowing drain.
  2828 | Sewer    | Entered a sewer
  2974 | Sewer    | Noticed a kobold brigand
  2983 | Sewer    | Killed a kobold brigand
  2984 | Sewer    | Reached skill level 6 in Spellcasting
  2984 | Sewer    | Reached XP level 5. HP: 15/29 MP: 10/15
  3075 | Sewer    | Found a white marble altar of Elyvilon.
  3223 | D:3      | Reached skill level 1 in Evocations
  3284 | D:3      | Found Bauwnan's Magic Scroll Shoppe.
  3292 | D:3      | Bought a scroll of identify for 28 gold pieces
  3292 | D:3      | Bought a scroll of identify for 28 gold pieces
  3292 | D:3      | Bought a scroll of identify for 28 gold pieces
  3690 | D:4      | Reached skill level 1 in Air Magic
  3690 | D:4      | Reached skill level 1 in Alchemy
  3723 | D:4      | Noticed an ogre
  3730 | D:4      | Killed an ogre
  3731 | D:4      | Reached XP level 6. HP: 34/34 MP: 7/17
  4093 | D:4      | Reached skill level 7 in Spellcasting
  4666 | D:4      | Reached XP level 7. HP: 39/40 MP: 16/20
  4774 | D:5      | Entered Level 5 of the Dungeon
  4804 | D:5      | Reached skill level 8 in Spellcasting
  4935 | D:5      | Found an opulent altar of Gozag.
  4938 | D:5      | Identified the +10 mace of Vuutz {speed, +Blink rElec rC-
                  | Stlth+}
  5087 | D:5      | HP: 2/40 [ice beast (2)]
  5087 | D:5      | Mangled by an ice beast

Illustrated notes

Levels and vault maps discovered:
D:1:      psy_arrival_conway, layout_basic
D:2:      layout_basic, ebering_ecumenical_altar_box, basic_altar
D:3:      layout_basic, mainiacjoe_overflow_chevrons, serial_shops, shop,
          lightli_sewer_entry_pipes, minmay_quadrilaterals
D:4:      layout_gridville, minmay_misc_feat_cross, goddamned_bats
D:5:      layout_cave_pools, nicolae_gozag_zags_fifth_avenue,
          mainiacjoe_overflow_cross_hatched, nicolae_sif_muna_little_library,
          minmay_manual_monolith

Skill      XL: |  1  2  3  4  5  6  7 |
---------------+----------------------+-----
Spellcasting   | 5 6 7 8 |  8.3
Fighting       | 1 2 |  2.0
Armour         | 1 |  1.7
Conjurations   | 2 3 4 |  4.2
Dodging        | 3 |  3.0
Stealth        | 3 |  3.0
Evocations     | 1 |  1.0
Air Magic      | 1 |  1.0
Alchemy        | 1 |  1.0
Summonings     | |  1.1
Translocations | |  1.1

Action                     |  1- 3 |  4- 6 |  7- 9 || total
---------------------------+-------+-------+-------++-------
  Melee: Dagger            |    23 |     7 |       ||    30
         Staff             |       |   108 |       ||   108
         Hand axe          |       |       |     7 ||     7
         Mace              |       |       |     1 ||     1
   Cast: Magic Dart        |   101 |   110 |    49 ||   260
         Mephitic Cloud    |       |     9 |     1 ||    10
         Call Imp          |       |     4 |     1 ||     5
         Blink             |       |       |     1 ||     1
   Stab: Confused          |       |     2 |       ||     2
 Armour: Robe              |    27 |    50 |    12 ||    89
  Dodge: Dodged            |    23 |    61 |    10 ||    94

Table legend: (Time is in decaauts)
 A = Elapsed time spent in this place.
 B = Non-inter-level travel time spent in this place.
 C = Inter-level travel time spent in this place.
 D = Time resting spent in this place.
 E = Time spent auto-exploring this place.
 F = Levels seen in this place.
 G = Mean time per level.
                   A        B        C        D        E       F      G
               +--------+--------+--------+--------+--------+-----+--------+
         Total |   5174 |   5092 |     82 |    177 |   4038 |   6 |  862.3 |
       Dungeon |   4795 |   4713 |     82 |    177 |   3776 |   5 |  959.0 |
         Sewer |    378 |    378 |      0 |      0 |    261 |   1 |  378.0 |
               +--------+--------+--------+--------+--------+-----+--------+

Top non-repeatable levels by time:
     D:1: 1577 daAuts
     D:4: 1179 daAuts
     D:2: 884 daAuts
     D:3: 841 daAuts
   Sewer: 378 daAuts
     D:5: 313 daAuts
